 Dungeon Crawl Stone Soup version 0.30-a0-394-g3e4acdb0ae (webtiles) character file.

Game seed: 4165555957938172023

18 ytrimaz the Chopper (level 2, -2/23 HPs)
             Began as a Djinni Warper on Dec 6, 2022.
             Frozen to death by an endoplasm (4 damage)
             ... on level 1 of the Dungeon.
             The game lasted 00:00:44 (715 turns).

ytrimaz the Chopper (Djinni Warper)                  Turns: 715, Time: 00:00:44

Health: -2/23      AC:  3    Str: 10    XL:     2   Next: 85%
Gold:   101        EV: 11    Int: 14    God:
                   SH:  0    Dex: 12

rFire   + + .      SeeInvis .    a - +0 hand axe
rCold   x . .      Faith    .    (no shield)
rNeg    . . .      Spirit   .    b - +0 leather armour
rPois   ∞          Reflect  .    (no helmet)
rElec   .          Harm     .    (no cloak)
rCorr   .          Rampage  .    (no gloves)
Will    .....                    (boots unavailable)
Stlth   +.........               (no amulet)
HPRegen 0.23/turn                (no ring)
MPRegen 0.00/turn                (no ring)

@: flying
A: sickness immunity, fire resistance 2, cold vulnerability 1, float, innate
caster, HP casting, extra vitality 1
a: no special abilities


You were on level 1 of the Dungeon.
You visited 1 branch of the dungeon, and saw 1 of its levels.

You collected 101 gold pieces.


Innate Abilities, Weirdness & Mutations

You are immune to sickness and miasma.
You are immune to poison.
Your flesh is very heat resistant. (rF++)
You are vulnerable to cold. (rC-)
You float through the air rather than walking.
You learn spells naturally, not from books.
Your magical power is your life essence.
You have superior vitality. (+4 MHP)


   Skills:
 - Level 2.0 Fighting
 + Level 2.5 Axes
 - Level 0.7 Throwing
 - Level 1.0 Armour
 - Level 2.1 Dodging
 - Level 2.4 Spellcasting


You couldn't memorise any spells.
You knew the following spells:

 Your Spells              Type           Power      Damage    Failure   Level
a - Blink                 Tloc           16%        N/A       17%         2
b - Lesser Beckoning      Tloc           16%        N/A       34%         3
c - Vhi's Electric Charg  Tloc/Air       16%        N/A       34%         3
d - Teleport Other        Tloc           8%         N/A       34%         3
e - Manifold Assault      Tloc           8%         N/A       75%         4
Your spell library was empty.

Inventory:

Hand Weapons
 a - a +0 hand axe (weapon)
Missiles
 d - 7 boomerangs of dispersal (quivered)
Armour
 b - a +0 leather armour (worn)
Scrolls
 c - 4 scrolls of blinking
Potions
 e - a potion of degeneration {unknown}

Dungeon Overview and Level Annotations

Branches:
Dungeon (1/15) Zot: 5273

Altars:

#############
#...!.....(.#
### .
#.....#####.#
##.. ....#..##.#
#.#####.##
.......@..#
#......>..
....#.J##.#
#.#####.#. .
~.... ...# ###
##.. .~.~w..
..~~. ##.
~~..~~.~...~~#
###)
.~~.~~~~~~~≈≈≈≈
#...
≈~~≈~~~~~~≈≈≈≈≈#
#.## ~......
~K..### #.# #.#


You could see a dart slug and an endoplasm.


Message History

No target in view!
You now have 101 gold pieces (gained 15).
Key pressed, stopping explore.
A kobold comes into view. It is wielding a +1 dagger of draining.
A kobold is nearby!
The kobold shouts!
The kobold hits you with a +1 dagger of draining. 😕 HP[-1]
You take 1 damage, and now have 22/23 hp.
You completely miss the kobold.
The kobold hits you with a +1 dagger of draining. 😕 HP[-4]
You take 4 damage, and now have 18/23 hp.
You hit the kobold.
You kill the kobold!
No target in view!
No target in view!
No target in view!
No target in view!
No target in view!
No target in view!
No target in view!
Found a stone staircase leading down.
Things that are here:
a +1 dagger of draining; a kobold corpse 😕 HP[+1]
There is a stone staircase leading down here.
A ball python comes into view.
The ball python hisses angrily. 😎 HP[+4]
Your hp is fully restored (23).
A ball python is nearby!
A ball python is nearby!
A ball python is nearby!
You see here 3 poisoned darts.
The ball python barely misses you. The ball python grabs you.
The ball python constricts you. 😕 HP[-1]
You take 1 damage, and now have 22/23 hp.
You hit the ball python.
You kill the ball python! 😎 HP[+1]
Your hp is fully restored (23).
Unknown command.
An endoplasm comes into view.
The endoplasm quivers.
An endoplasm is nearby!
An endoplasm is nearby!
An endoplasm comes into view.
The endoplasm freezes you.
You are frozen.
You feel a terrible chill! 😕 HP[-4]
You take 4 damage, and now have 19/23 hp.
You hit the endoplasm. The endoplasm closely misses you.
You hit the endoplasm.
You kill the endoplasm!
The endoplasm quivers.
A kobold comes into view.
It is wielding a +0 short sword. 😕 HP[+1] Unknown command.
A dart slug comes into view.
There are monsters nearby!
There are monsters nearby!
You hit the endoplasm. The endoplasm hits you. 😕 HP[-1]
You take 1 damage, and now have 19/23 hp.
You hit the endoplasm but do no damage. The endoplasm freezes you.
You are frozen!
You feel a terrible chill! 😮 HP[-7]
You take 7 damage, and now have 12/23 hp.
MASSIVE DAMAGE!! (PAUSE)
You hit the endoplasm but do no damage. The endoplasm freezes you.
You are frozen.
You feel a terrible chill!
* * * LOW HITPOINT WARNING * * *
😨 HP[-2]
You take 2 damage, and now have 10/23 hp.
You are too injured to fight recklessly!
You hit the endoplasm. The endoplasm freezes you.
You are frozen.
You feel a terrible chill!
* * * LOW HITPOINT WARNING * * *
The endoplasm freezes you.
You are frozen.
You feel a terrible chill!
* * * LOW HITPOINT WARNING * * *
😱 HP[-8]
You take 8 damage, and now have 2/23 hp.
MASSIVE DAMAGE!! (PAUSE)
You barely miss the endoplasm. The endoplasm freezes you.
You are frozen.
You feel a terrible chill!
You die...

Skill      XL: |  1 |
---------------+----+-----
Axes           | 2 |  2.5
Fighting       | |  2.0
Throwing       | |  0.7
Armour         | |  1.0
Dodging        | |  2.1
Spellcasting   | |  2.4

Action                   || total
-------------------------++-------
Melee: Hand axe          ||    56
       Punch             ||     2
Armor: Leather armour    ||    18
Dodge: Dodged            ||    41

Levels and vault maps discovered:
D:1:      dpeg_arrival_houses_and_road, layout_loops_corners,
          hellmonk_ecumenical_altar_blasted, serial_shops, shop,
          chequers_serial_rivers_small_3, columned_hall_lemuel

Notes
Turn   | Place    | Note
-------+----------+-------------------------------------------
     0 | D:1      | ytrimaz the Djinni Warper began the quest for the Orb.
     0 | D:1      | ytrimaz set off with the following spells memorised: Blink,
                  | Lesser Beckoning, Vhi's Electric Charge, Teleport Other,
                  | Manifold Assault.
     0 | D:1      | Reached XP level 1. HP: 18/18 MP: 0/0
     0 | D:1      | magus.rc [v1.9.6]
   200 | D:1      | HP: 4/18 [endoplasm (2)]
   375 | D:1      | Reached skill level 2 in Axes
   378 | D:1      | Reached XP level 2. HP: 21/23 MP: 0/0
   403 | D:1      | Found a faded altar of an unknown god.
   714 | D:1      | HP: 2/23 [frozen (4)]
   715 | D:1      | Frozen to death by an endoplasm

Vanquished Creatures
  A dart slug (D:1)
  2 ball pythons (D:1)
  4 endoplasms (D:1)
  2 giant cockroaches (D:1)
  A goblin (D:1)
  A hobgoblin (D:1)
  A bat (D:1)
  A frilled lizard (D:1)
  A kobold (D:1)
14 creatures vanquished.

Table legend:
 A = Non-vault XP
 B = Vault XP
 C = Vault XP percentage of total XP
 D = Non-vault monster count
 E = Vault monster count
 F = Vault count percentage of total count
                 A         B        C        D         E       F
            +---------+---------+-------+---------+---------+-------
      Total |      26 |       0 |   0.0 |      14 |       0 |   0.0
            +---------+---------+-------+---------+---------+-------
        D:1 |      26 |       0 |   0.0 |      14 |       0 |   0.0
            +---------+---------+-------+---------+---------+-------

Illustrated notes

Table legend:
 A = Kills in this place as a percentage of kills in entire the game.
 B = Kills by you in this place as a percentage of kills by you in the entire game.
 C = Kills by friends in this place as a percentage of kills by friends in the entire game.
 D = Other kills in this place as a percentage of other kills in the entire game.
 E = Experience gained in this place as a percentage of experience gained in the entire game.
 F = Experience gained in this place divided by the number of levels of this place that you have seen.
                   A       B       C       D       E      F
               +-------+-------+-------+-------+-------+----------------------
         Total | 100.0 | 100.0 |   N/A |   N/A | 100.0 |  26.0
       Dungeon | 100.0 | 100.0 |   N/A |   N/A | 100.0 |  26.0
               +-------+-------+-------+-------+-------+----------------------

Table legend: (Time is in decaauts)
 A = Elapsed time spent in this place.
 B = Non-inter-level travel time spent in this place.
 C = Inter-level travel time spent in this place.
 D = Time resting spent in this place.
 E = Time spent auto-exploring this place.
 F = Levels seen in this place.
 G = Mean time per level.
                   A        B        C        D        E       F      G
               +--------+--------+--------+--------+--------+-----+--------+
         Total |    725 |    725 |      0 |      0 |    593 |   1 |  725.0 |
       Dungeon |    725 |    725 |      0 |      0 |    593 |   1 |  725.0 |
               +--------+--------+--------+--------+--------+-----+--------+

Top non-repeatable levels by time:
     D:1: 725 daAuts
